 Dungeon Crawl Stone Soup version 0.27-a0-1232-gc6a4cbde82 (webtiles) character file.

Game seed: 12861310478900959193

24874 Zeld the Cleaver (level 12, -2/113 HPs)
             Began as a Minotaur Berserker on June 8, 2021.
             Was a Priest of Trog.
             Succumbed to a wolf spider's poison
             ... on level 13 of the Dungeon.
             The game lasted 00:18:11 (24797 turns).

Zeld the Cleaver (Minotaur Berserker)              Turns: 24797, Time: 00:18:12

Health: -2/113     AC: 24    Str: 24 (27) XL:     12   Next: 84%
Magic:  11/11      EV:  7    Int:  3 (4)  God:    Trog [***...]
Gold:   771        SH:  7    Dex:  8 (10) Spells: 11/11 levels left

rFire    . . .     SeeInvis .   a - +0 hand axe
rCold    . . .     Faith    .   E - +0 kite shield
rNeg     . . .     Spirit   .   x - +0 plate armour
rPois    .         Reflect  .   H - +0 hat
rElec    .         Harm     .   h - +2 cloak
rCorr    .         Rampage  .   j - +2 pair of gloves
Will     ++...                  C - +0 pair of boots
Stlth    ..........             (no amulet)
HPRegen  1.28/turn              (no ring)
MPRegen  0.12/turn              (no ring)

@: lethally poisoned (-2 -> -10), strong-willed, flying, regenerating
A: horns 2, retaliatory headbutt
a: Renounce Religion, Berserk, Trog's Hand


You were on level 13 of the Dungeon.
You worshipped Trog.
Trog was most pleased with you.
You visited 1 branch of the dungeon, and saw 13 of its levels.

You collected 771 gold pieces.

Inventory:

Hand Weapons
 a - a +0 hand axe (weapon)
Armour
 h - a +2 cloak (worn)
 j - a +2 pair of gloves (worn)
 x - a +0 plate armour (worn)
 C - a +0 pair of boots (worn)
 E - a +0 kite shield (worn)
 H - a +0 hat (worn)
Jewellery
 y - a ring of ice
 D - a ring of see invisible
Wands
 k - a wand of flame (44)
 l - a wand of iceblast (4)
 p - a wand of polymorph (8)
Scrolls
 d - 6 scrolls of teleportation
 i - 3 scrolls of enchant weapon
 o - 2 scrolls of magic mapping
 q - 3 scrolls of noise {unknown}
 t - 3 scrolls of fear {unknown}
 u - 2 scrolls of immolation {unknown}
 z - a scroll of holy word {unknown}
 A - a scroll of brand weapon {unknown}
 G - a scroll of acquirement {unknown}
Potions
 b - a potion of degeneration
 e - 3 potions of heal wounds {unknown}
 g - 2 potions of brilliance {unknown}
 m - a potion of ambrosia {unknown}
 n - 3 potions of flight
 r - 2 potions of mutation {unknown}
 s - 2 potions of might {unknown}
 v - 2 potions of haste {unknown}
 w - 2 potions of lignification {unknown}
 B - 2 potions of cancellation {unknown}
 F - a potion of invisibility {unknown}
Miscellaneous
 c - a box of beasts


   Skills:
 + Level 12.9 Fighting
 - Level 14.0 Axes
 + Level 12.7 Armour
 + Level 11.8 Dodging


You had 11 spell levels left.
You didn't know any spells.
Your spell library was empty.

Dungeon Overview and Level Annotations

Branches:
Dungeon (13/15)            Temple (0/1) D:4            Lair (0/6) D:8
    Orc (0/2) D:11         Vaults (0/5) D:13

Altars:
Ashenzari
Dithmenos
Elyvilon
Hepliaklqana
Okawaru
Ru
Trog
Vehumet
Xom
Yredelemnul
Zin
The Shining One

Shops:
D:4 *


Innate Abilities, Weirdness & Mutations

You have a pair of horns on your head.
You reflexively headbutt those who attack you in melee.


Message History

Unknown command.
You are too injured to fight recklessly!
You feel extremely sick.
You feel extremely sick.
You feel very sick. The wolf spider hits you.
* * * LOW HITPOINT WARNING * * *
The wolf spider bites you but does no damage.
As you read the scroll of teleportation, it crumbles to dust.
You feel strangely unstable.
You feel very sick. The wolf spider hits you!
* * * LOW HITPOINT WARNING * * *
You block the wolf spider's attack. The wolf spider closely misses you.
You furiously retaliate!
You headbutt the wolf spider!
The wolf spider bites you but does no damage.
Your skin crawls.
You feel strong-willed.
You feel very sick. You block the wolf spider's attack. x2
Unknown command.
You feel sick. You block the wolf spider's attack. The wolf spider bites you.
* * * LOW HITPOINT WARNING * * *
You are lethally poisoned!
The wolf spider poisons you!
Your surroundings suddenly seem different.
* * * LOW HITPOINT WARNING * * *
You feel extremely sick.
There is a lethal amount of poison in your body!
There is a lethal amount of poison in your body!
There is a lethal amount of poison in your body!
It was a potion of flight.
You feel very buoyant.
You fly up into the air.
* * * LOW HITPOINT WARNING * * *
You feel very sick.
It was a potion of degeneration.
There was something very wrong with that liquid.
You feel weakened.
You feel dopey.
You feel clumsy.
You die...

#....# #..... #....#
#....# #### #....#
#..# #....#
#########..####....#
#..................#
#..@...#########...#
#......#.......#...#
#......#.......'...#
#......#.......#...#
#......#.......#...#
#......#.......#....
#......#########....
#..)................
#...>.######........


There were no monsters in sight!

Vanquished Creatures
  Harold (D:11)
  A boulder beetle (D:11)
  6 two-headed ogres
  A centaur warrior (D:13)
  A tengu warrior (D:12)
  Nergalle (D:12)
  3 skeletal warriors
  A necromancer (D:13)
  2 deep elf pyromancers (D:13)
  3 manticores
  3 gargoyles
  An efreet (D:12)
  A tengu conjurer (D:13)
  2 kobold demonologists (D:13)
  2 meliai (shapeshifter) (D:13)
  Grinder (D:5)
  3 trolls
  A shadow (D:11)
  9 yaks
  2 vampires
  A wraith (D:10)
  2 wyverns
  A steam dragon (D:8)
  13 vampire mosquitoes
  A water moccasin (D:9)
  2 acid dragons
  3 sky beasts
  A black bear (D:8)
  7 orc warriors
  2 ogres
  14 centaurs
  A kobold brigand (D:8)
  3 bullfrogs (D:8)
  A gnoll sergeant (D:9)
  A water moccasin skeleton (D:4)
  15 killer bees
  3 howler monkeys
  2 bullfrog zombies
  5 centaur zombies
  2 jellies (D:7)
  A hound (D:4)
  A bullfrog skeleton (D:6)
  A centaur skeleton (D:7)
  2 gnoll shamans
  9 orc priests
  8 orc wizards
  8 adders
  16 gnolls
  A shadow imp (D:8)
  A white imp (D:6)
  3 ufetubi
  3 worms
  4 dart slugs
  45 orcs
  5 ball pythons (D:2)
  3 endoplasms
  3 giant cockroaches
  3 hobgoblins
  7 jackals
  2 quokkas
  3 bats
  10 frilled lizards
  10 goblins
  17 kobolds
  3 rats
  A spectral orc (D:7)
295 creatures vanquished.

Vanquished Creatures (collateral kills)
  2 boulder beetles
  Sonja (D:13)
  A troll (D:9)
  An orc priest (D:11)
5 creatures vanquished.

Vanquished Creatures (others)
  5 fungi (D:8)
  14 plants
19 creatures vanquished.

Grand Total: 319 creatures vanquished

Notes
Turn   | Place    | Note
-------+----------+-------------------------------------------
     0 | D:1      | Zeld the Minotaur Berserker began the quest for the Orb.
     0 | D:1      | Reached XP level 1. HP: 19/19 MP: 0/0
   175 | D:1      | Reached XP level 2. HP: 27/27 MP: 1/1
   272 | D:1      | Reached skill level 4 in Axes
  1060 | D:2      | Reached ** piety under Trog
  1061 | D:2      | Reached XP level 3. HP: 33/33 MP: 2/2
  1108 | D:2      | You fall into a shaft and drop 2 floors!
  1156 | D:4      | Found Qent's Elemental Accessories.
  1532 | D:2      | Reached XP level 4. HP: 27/40 MP: 3/3
  1925 | D:3      | Reached skill level 5 in Axes
  2333 | D:3      | Found a bloodstained altar of Trog.
  2554 | D:3      | Reached XP level 5. HP: 35/47 MP: 4/4
  2689 | D:3      | Found a white marble altar of Elyvilon.
  2690 | D:3      | Found an iron altar of Okawaru.
  2822 | D:4      | Reached *** piety under Trog
  3026 | D:4      | Found a staircase to the Ecumenical Temple.
  3135 | D:4      | Noticed an ogre
  3141 | D:4      | Killed an ogre
  3142 | D:4      | Reached skill level 6 in Axes
  3142 | D:4      | Reached XP level 6. HP: 55/55 MP: 5/5
  3425 | D:4      | Reached skill level 5 in Fighting
  3472 | D:4      | Found a glowing silver altar of Zin.
  3526 | D:5      | Entered Level 5 of the Dungeon
  3632 | D:5      | Noticed Grinder
  3780 | D:5      | Paralysed by Grinder for 7 turns
  3796 | D:5      | Killed Grinder
  3797 | D:5      | Reached skill level 7 in Axes
  3797 | D:5      | Reached XP level 7. HP: 61/61 MP: 6/6
  3961 | D:5      | Reached skill level 5 in Armour
  3992 | D:5      | Reached **** piety under Trog
  4268 | D:5      | Found a radiant altar of Vehumet.
  4308 | D:5      | Found a broken altar of Ashenzari.
  4620 | D:6      | Reached XP level 8. HP: 55/70 MP: 7/7
  4624 | D:6      | Reached skill level 8 in Axes
  4624 | D:6      | Reached skill level 5 in Dodging
  4684 | D:6      | Found a sacrificial altar of Ru.
  6110 | D:7      | Reached skill level 9 in Axes
  6277 | D:7      | Found a basalt altar of Yredelemnul.
  6589 | D:7      | Found a hazy altar of Hepliaklqana.
  6798 | D:7      | Found a shadowy altar of Dithmenos.
  7015 | D:8      | Reached XP level 9. HP: 55/79 MP: 8/8
  7126 | D:8      | Noticed a two-headed ogre
  7765 | D:8      | Reached skill level 10 in Axes
  8604 | D:8      | Reached skill level 11 in Axes
  8842 | D:8      | Found a staircase to the Lair.
  9177 | D:9      | Noticed a troll
  9189 | D:9      | Killed a troll
  9724 | D:8      | Found a staircase to the Lair.
  9831 | D:8      | Killed a two-headed ogre
  9832 | D:8      | Reached XP level 10. HP: 90/90 MP: 9/9
 10163 | D:9      | Noticed a skeletal warrior
 10163 | D:9      | Noticed a skeletal warrior
 10383 | D:8      | Killed a skeletal warrior
 10903 | D:9      | Killed a skeletal warrior
 10904 | D:9      | Reached skill level 12 in Axes
 11155 | D:9      | Noticed a skeletal warrior
 11169 | D:9      | Killed a skeletal warrior
 12157 | D:10     | Entered Level 10 of the Dungeon
 12760 | D:10     | Noticed a two-headed ogre
 12801 | D:9      | Killed a two-headed ogre
 12802 | D:9      | Reached skill level 13 in Axes
 12802 | D:9      | Reached XP level 11. HP: 99/99 MP: 10/10
 13085 | D:10     | Reached skill level 10 in Fighting
 13712 | D:10     | Found a shimmering altar of Xom.
 13724 | D:10     | Found a glowing golden altar of the Shining One.
 15378 | D:11     | Noticed a boulder beetle
 15627 | D:11     | Reached skill level 10 in Armour
 15658 | D:11     | Noticed a boulder beetle
 15929 | D:11     | Noticed a two-headed ogre
 15940 | D:11     | Killed a two-headed ogre
 16412 | D:11     | Found a staircase to the Orcish Mines.
 16615 | D:11     | Killed a boulder beetle
 16616 | D:11     | Reached skill level 14 in Axes
 16629 | D:11     | Noticed a death knight
 18028 | D:11     | Noticed Harold
 18042 | D:11     | Killed Harold
 18473 | D:11     | Killed a boulder beetle
 18474 | D:11     | Reached skill level 10 in Dodging
 18826 | D:12     | Reached XP level 12. HP: 41/110 MP: 11/11
 19259 | D:12     | Noticed Nergalle
 19271 | D:12     | Killed Nergalle
 19322 | D:12     | Noticed an eight-headed hydra
 19517 | D:12     | Noticed a two-headed ogre
 19528 | D:12     | Killed a two-headed ogre
 19850 | D:12     | Noticed a boulder beetle
 19859 | D:12     | Killed a boulder beetle
 20844 | D:13     | Noticed a tengu warrior
 20874 | D:12     | Killed a tengu warrior
 21273 | D:13     | Noticed a centaur warrior
 21558 | D:13     | Killed a centaur warrior
 21795 | D:13     | Noticed a five-headed hydra
 22171 | D:13     | Noticed a two-headed ogre
 22173 | D:13     | Noticed a two-headed ogre
 22187 | D:13     | Killed a two-headed ogre
 22191 | D:13     | Killed a two-headed ogre
 22595 | D:13     | Found a gate to the Vaults.
 24191 | D:13     | Noticed Sonja
 24205 | D:13     | Killed Sonja
 24778 | D:13     | Noticed a tengu warrior
 24796 | D:13     | HP: 1/113 [poisoned by a wolf spider]
 24797 | D:13     | Succumbed to a wolf spider's poison

Illustrated notes

Levels and vault maps discovered:
D:1:      amcnicky_arrival_feature_with_door, layout_basic, serial_forest,
          infiniplex_forest_clump_long, infiniplex_forest_clump_long,
          infiniplex_forest_clump_small, infiniplex_forest_end_3,
          minmay_misc_feat_enclosed, minmay_split_cup_large
D:2:      layout_rooms
D:3:      layout_rooms, trog_butcher_becter, gammafunk_temple_overflow_statue,
          kennysheep_generic_room_15
D:4:      minmay_wonky_spiral, layout_rooms, general_overflow_altar,
          minmay_temple_entry_poolview, nicolae_elemental_shop,
          kennysheep_small_circle
D:5:      layout_cave_pools, fiery_altar_vehumet, nicolae_ashenzari_skybound,
          uniq_grinder
D:6:      layout_basic, kennysheep_mini
D:7:      layout_basic, yredelemnul_forgotten_temple_becter, old_standard_altar,
          nicolae_dithmenos_through_a_glass_darkly, minmay_hedge_maze,
          grunt_decor_arrowhead
D:8:      layout_gridville, grunt_lair_entry_orc_guard_hut
D:9:      layout_loops_ring
D:10:     layout_big_octagon, amcnicky_altar_gilded, lemuel_tele_altar,
          minmay_misc_feat_square, kennysheep_generic_room_9
D:11:     layout_irregular_city, hiddenorc1_lemuel,
          minmay_mirror_moons_of_madness, uniq_harold
D:12:     layout_stronghold, uniq_nergalle
D:13:     layout_irregular_city, david_vaults_1, minmay_shattered_shrine,
          uniq_sonja

Skill      XL: |  1  2  3  4  5  6  7  8  9 10 11 12 |
---------------+-------------------------------------+-----
Axes           | 4 5 6 7 9 11 13 14 | 14.0
Fighting       | 4 5 6 7 8 9 11 12 | 12.9
Armour         | 3 4 5 6 8 9 11 12 | 12.7
Dodging        | 3 4 6 7 8 10 11 | 11.8

Action                   |  1- 3 |  4- 6 |  7- 9 | 10-12 || total
-------------------------+-------+-------+-------+-------++-------
Melee: Hand axe          |    78 |   114 |   230 |   675 ||  1097
       Headbutt          |    13 |    22 |    54 |   160 ||   249
Invok: Berserk           |       |     4 |     8 |    24 ||    36
       Trog's Hand       |       |       |     1 |     5 ||     6
       Brothers in Arms  |       |       |     2 |     4 ||     6
Evoke: Wand              |       |       |       |     2 ||     2
       Box of beasts     |       |       |       |     1 ||     1
  Use: Scroll            |       |     5 |     1 |    11 ||    17
       Potion            |       |       |       |     7 ||     7
 Stab: Distracted        |       |       |       |     1 ||     1
Armor: Animal skin       |    26 |    30 |   103 |       ||   159
       Plate armour      |       |       |     3 |   556 ||   559
Dodge: Dodged            |    60 |    73 |   184 |   326 ||   643
Block: Kite shield       |       |       |       |   100 ||   100

Table legend: (Time is in decaauts)
 A = Elapsed time spent in this place.
 B = Non-inter-level travel time spent in this place.
 C = Inter-level travel time spent in this place.
 D = Time resting spent in this place.
 E = Time spent auto-exploring this place.
 F = Levels seen in this place.
 G = Mean time per level.
                   A        B        C        D        E       F      G
               +--------+--------+--------+--------+--------+-----+--------+
         Total |  24903 |  24164 |    739 |  11695 |  10005 |  13 | 1915.6 |
       Dungeon |  24903 |  24164 |    739 |  11695 |  10005 |  13 | 1915.6 |
               +--------+--------+--------+--------+--------+-----+--------+

Top non-repeatable levels by time:
    D:12: 3443 daAuts
     D:9: 3277 daAuts
    D:11: 2882 daAuts
    D:13: 2605 daAuts
    D:10: 2465 daAuts
     D:8: 2185 daAuts
     D:7: 1856 daAuts
     D:6: 1559 daAuts
     D:1: 1127 daAuts
     D:4: 1044 daAuts
     D:5: 933 daAuts
     D:3: 815 daAuts
     D:2: 706 daAuts
